 Dungeon Crawl Stone Soup version 0.27-a0-1191-g601b473118 (webtiles) character file.

Game seed: 36769040844064627

662 st0uf the Digger (level 7, -4/39 HPs)
             Began as a Gargoyle Earth Elementalist on May 23, 2021.
             Was an Initiate of Vehumet.
             Slain by Pikel
             ... wielding a +1 whip of freezing
              (5 damage)
             ... on level 5 of the Dungeon.
             The game lasted 00:15:39 (6578 turns).

st0uf the Digger (Gargoyle Earth Elementalist)      Turns: 6578, Time: 00:15:40

Health: -4/39      AC:  8    Str: 12    XL:     7   Next: 56%
Magic:  5/13       EV: 11    Int: 17    God:    Vehumet [......]
Gold:   204        SH:  0    Dex: 10    Spells: 10/14 levels left

rFire    . . .     SeeInvis .   j - +0 spear
rCold    . . .     Faith    .   (no shield)
rNeg     + . .     Spirit   .   c - +0 robe
rPois    ∞         Reflect  .   e - +1 hat
rElec    +         Harm     .   (no cloak)
rCorr    .         Rampage  .   (no gloves)
Will     .....                  (no boots)
Stlth    ++........             (no amulet)
HPRegen  0.13/turn              (no ring)
MPRegen  0.13/turn              (no ring)

@: no status effects
A: sickness immunity, AC +4, negative energy resistance 1, electricity
resistance, torment resistance 1, petrification resistance
a: Renounce Religion


You were on level 5 of the Dungeon.
You worshipped Vehumet.
Vehumet was noncommittal.
You visited 2 branches of the dungeon, and saw 6 of its levels.

You collected 204 gold pieces.

Inventory:

Hand Weapons
 j - a +0 spear (weapon)
Missiles
 b - 188 stones
 x - a throwing net
Armour
 c - a +0 robe (worn)
 e - a +1 hat (worn)
 k - a +0 ring mail
Jewellery
 q - a ring of see invisible
 v - a +6 ring of strength
Wands
 t - a wand of paralysis (7)
 A - a wand of flame (19)
Scrolls
 a - a scroll of magic mapping {unknown}
 g - 5 scrolls of identify {unknown}
 h - a scroll of noise {unknown}
 m - 2 scrolls of teleportation {unknown}
 o - 2 scrolls of torment {unknown}
 p - a scroll of acquirement {unknown}
 s - a scroll of enchant weapon {unknown}
 u - a scroll of blinking {unknown}
 y - a scroll of fog {unknown}
 z - a scroll of amnesia {unknown}
Potions
 d - 3 potions of curing {unknown}
 f - a potion of ambrosia {unknown}
 i - 3 potions of lignification {unknown}
 l - a potion of attraction {unknown}
 n - 3 potions of degeneration {unknown}
 r - a potion of brilliance {unknown}
 w - a potion of invisibility {unknown}


   Skills:
 + Level 1.6 Fighting
 + Level 2.6 Armour
 - Level 1.5 Dodging
 + Level 2.8 Stealth
 + Level 4.4 Spellcasting
 * Level 3.6 Conjurations
 + Level 0.7 Transmutations
 + Level 6.2 Earth Magic


You had 10 spell levels left.
You knew the following spells:

 Your Spells              Type           Power      Damage    Failure   Level
a - Sandblast             Erth           50%        2d12      1%          1
b - Stone Arrow           Conj/Erth      40%        3d9       6%          3

Your spell library contained the following spells:

 Spells                   Type           Power      Damage    Failure   Level
 Passwall                 Tmut/Erth      12%        N/A       5%          2
 Shock                    Conj/Air       36%        1d5       8%          1
 Static Discharge         Conj/Air       9%         N/A       11%         2
 Lee's Rapid Deconstruct  Erth           12%        3d10*     32%         5
 Petrify                  Tmut/Erth      15%        N/A       34%         4
 Gell's Gravitas          Tloc           1%         N/A       41%         3
 Portal Projectile        Hex/Tloc       6%         N/A       41%         3
 Swiftness                Air            3%         N/A       41%         3
 Airstrike                Air            1%         N/A       83%         4
 Passage of Golubria      Tloc           N/A        N/A       83%         4
 Lightning Bolt           Conj/Air       4%         1d16      90%         5
 Manifold Assault         Tloc           3%         N/A       99%         5
 Dispersal                Tloc           1%         N/A       100%        6
 Disjunction              Tloc           1%         N/A       100%        8


Dungeon Overview and Level Annotations

Branches:
Dungeon (5/15)             Temple (1/1) D:5

Altars:
Ashenzari
Cheibriados
Elyvilon
Fedhas
Hepliaklqana
Kikubaaqudgha
Nemelex Xobeh
Okawaru
Ru
Sif Muna
Trog
Vehumet
Xom
Yredelemnul
Zin
The Shining One

Shops:
D:1 =   D:3 *   D:4 (   D:5 *

Annotations:
D:5 Pikel


Innate Abilities, Weirdness & Mutations

You are immune to sickness and miasma.
Your stone body is resilient. (AC +4)
You are immune to poison.
You resist negative energy. (rN+)
You are resistant to electric shocks. (rElec)
You are resistant to unholy torment.
You are immune to petrification.


Message History

Aim: Pikel, wielding a +1 whip of freezing and wearing a +0 robe (almost dead, 64% to hit)
You miscast Stone Arrow.
You are very lightly contaminated with residual magic.
Nothing appears to happen.
Pikel drinks a potion.
Pikel is healed!
Your magical contamination has completely faded away.
Pikel says, "You'll burn in Gehenna!"
Pikel says, "Hell isn't that bad."
Pikel hits you with a +1 whip of freezing!
Pikel freezes you. Pikel waves his whip at you. Pikel waves his whip at you.
There is a stone staircase leading up here.
The lemure shouts!
Pikel hits you with a +1 whip of freezing!
Pikel freezes you.
You hit the lemure.
The lemure is lightly wounded.
The lemure barely misses you.
Pikel hits you with a +1 whip of freezing.
Pikel freezes you. The lemure hits you.
* * * LOW HITPOINT WARNING * * *
Casting: Stone Arrow (dangerous; 6% risk of failure)
Confirm with . or Enter, or press ? or * to list all spells.
Aiming: Stone Arrow (dangerous; 6% risk of failure)
Press: ? - help, Shift-Dir - straight line, f/p - Pikel
Aim: Pikel, wielding a +1 whip of freezing and wearing a +0 robe (moderately wounded, 64% to hit)
The stone arrow misses Pikel.
The lemure hits you.
* * * LOW HITPOINT WARNING * * *
Pikel closely misses you. The lemure hits you.
* * * LOW HITPOINT WARNING * * *
Casting: Stone Arrow (dangerous; 6% risk of failure)
Confirm with . or Enter, or press ? or * to list all spells.
Aiming: Stone Arrow (dangerous; 6% risk of failure)
Press: ? - help, Shift-Dir - straight line, f/p - Pikel
Aim: Pikel, wielding a +1 whip of freezing and wearing a +0 robe (moderately wounded, 64% to hit)
The stone arrow hits Pikel!
Pikel is heavily wounded.
The lemure barely misses you.
Pikel hits you with a +1 whip of freezing.
You die...

#..# #.# #..<# #..# #5#
#...# ##########..####.#
#...# .............5...#
#5..#
.########...#########...#
.# #...# #.....# ># #..5#
####.#..## .# #...#
#.5.<...# .#
####...####@##.#..# .#
#.........5.K.#...# .#
#.##.#.#######.##.#####
.#####.#....# #.##.....#
............# #.##.###.#
######.#...########.##.#
#.# #.##...........##.#
#.# #.###..######..##.#
#.#
#.####.######.>##.###.#


You could see Pikel and 2 lemures.

Vanquished Creatures
  2 ogres
  2 lemures
  A water moccasin skeleton (D:5)
  A bullfrog zombie (D:5)
  A centaur zombie (D:5)
  A hound (D:5)
  A jelly (D:4)
  An orc priest (D:5)
  An iguana (D:5)
  3 orc wizards (D:5)
  A hound zombie (D:5)
  8 adders
  An adder skeleton (D:4)
  3 worms
  A dart slug (D:4)
  4 orcs
  7 endoplasms
  6 giant cockroaches
  7 goblins
  3 hobgoblins
  2 jackals (D:5)
  10 kobolds
  5 quokkas
  8 ball pythons
  8 bats
  5 frilled lizards
  9 rats
102 creatures vanquished.

Vanquished Creatures (others)
  4 plants (D:5)
4 creatures vanquished.

Grand Total: 106 creatures vanquished

Notes
Turn   | Place    | Note
-------+----------+-------------------------------------------
     0 | D:1      | st0uf the Gargoyle Earth Elementalist began the quest for
                  | the Orb.
     0 | D:1      | Reached XP level 1. HP: 10/10 MP: 3/3
   129 | D:1      | Reached XP level 2. HP: 15/15 MP: 0/5
   422 | D:1      | Found Foejabo's Jewellery Emporium.
   717 | D:2      | Reached skill level 1 in Conjurations
   778 | D:2      | Found a faded altar of an unknown god.
   791 | D:2      | Reached skill level 4 in Earth Magic
   867 | D:2      | Reached XP level 3. HP: 15/19 MP: 3/6
  1551 | D:2      | Reached XP level 4. HP: 21/24 MP: 8/8
  2138 | D:3      | Found Wewoer Ykko's Assorted Antiques.
  2893 | D:4      | Learned a level 3 spell: Stone Arrow
  2997 | D:4      | Found Kouxyziv's Antique Weapon Shop.
  3689 | D:4      | Found a bloodstained altar of Trog.
  3741 | D:4      | Found an iron altar of Okawaru.
  4113 | D:4      | Reached skill level 1 in Fighting
  4113 | D:4      | Reached skill level 1 in Armour
  4113 | D:4      | Reached XP level 5. HP: 29/29 MP: 6/9
  4256 | D:4      | Noticed an ogre
  4330 | D:4      | Killed an ogre
  4331 | D:4      | Reached XP level 6. HP: 8/34 MP: 2/10
  4792 | D:5      | Entered Level 5 of the Dungeon
  4843 | D:5      | Noticed Pikel
  4945 | D:5      | Reached skill level 5 in Earth Magic
  5013 | D:5      | Found a white marble altar of Elyvilon.
  5242 | D:5      | Found a shimmering altar of Xom.
  5443 | D:5      | Found a sacrificial altar of Ru.
  5479 | D:5      | Found Joonam's Assorted Antiques.
  5661 | D:5      | Reached XP level 7. HP: 24/38 MP: 6/12
  5851 | D:5      | Reached skill level 6 in Earth Magic
  6049 | D:5      | Found a staircase to the Ecumenical Temple.
  6060 | Temple   | Entered the Ecumenical Temple
  6176 | Temple   | Became a worshipper of Vehumet
  6577 | D:5      | HP: 1/39 [lemure[Pikel] (5)]
  6578 | D:5      | Slain by Pikel

Illustrated notes

Levels and vault maps discovered:
D:1:      amcnicky_arrival_choice, layout_loops_ring, serial_shops,
          nicolae_shop_waterfront
D:2:      layout_loops_corners, basic_ecumenical_altar,
          minmay_misc_feat_enclosed
D:3:      layout_basic, serial_shops, nicolae_shop_overgrown_old_shop,
          chequers_serial_rivers_room_b, roderic_three_in_a_row
D:4:      minmay_thinvault, layout_basic, nicolae_overflow_hidden_temple,
          lemuel_crystal_altar, serial_shops, shop
D:5:      layout_loops_ring, general_overflow_altar, elyvilon_altar_1,
          nicolae_ru_the_path_less_chosen, minmay_temple_entry_enclosed_plants,
          serial_shops, nicolae_shop_overgrown_old_shop, uniq_pikel
Temple:   minmay_temple_curvy_loop

Skill      XL: |  1  2  3  4  5  6  7 |
---------------+----------------------+-----
Conjurations   | 1 2 3 |  3.6
Earth Magic    | 4 5 6 |  6.2
Fighting       | 1 |  1.6
Armour         | 1 2 |  2.6
Spellcasting   | 3 4 |  4.4
Dodging        | |  1.5
Stealth        | |  2.8
Transmutations | |  0.7

Action                   |  1- 3 |  4- 6 |  7- 9 || total
-------------------------+-------+-------+-------++-------
Melee: Unarmed           |    12 |       |       ||    12
       Spear             |   100 |   221 |    30 ||   351
 Cast: Sandblast         |    19 |    47 |    18 ||    84
       Stone Arrow       |       |       |    10 ||    10
 Stab: Sleeping          |     3 |     1 |       ||     4
Armor: Robe              |    20 |    10 |    13 ||    43
       Ring mail         |    35 |   116 |       ||   151
Dodge: Dodged            |    58 |   146 |    28 ||   232

Table legend: (Time is in decaauts)
 A = Elapsed time spent in this place.
 B = Non-inter-level travel time spent in this place.
 C = Inter-level travel time spent in this place.
 D = Time resting spent in this place.
 E = Time spent auto-exploring this place.
 F = Levels seen in this place.
 G = Mean time per level.
                   A        B        C        D        E       F      G
               +--------+--------+--------+--------+--------+-----+--------+
         Total |   6615 |   6371 |    244 |    912 |   4157 |   6 | 1102.5 |
       Dungeon |   6373 |   6154 |    219 |    912 |   3947 |   5 | 1274.6 |
        Temple |    241 |    216 |     25 |      0 |    210 |   1 |  241.0 |
               +--------+--------+--------+--------+--------+-----+--------+

Top non-repeatable levels by time:
     D:4: 1989 daAuts
     D:5: 1473 daAuts
     D:2: 1359 daAuts
     D:3: 847 daAuts
     D:1: 703 daAuts
  Temple: 241 daAuts
